 Dungeon Crawl Stone Soup version 0.20.1-1-g8b1a95d (webtiles) character file.

207 Internecine the Bolt Thrower (level 5, -6/45 HPs)
             Began as a Draconian Hunter on Sept 30, 2017.
             Mangled by Grinder (10 damage)
             ... on level 3 of the Dungeon.
             The game lasted 00:34:48 (2270 turns).

Internecine the Bolt Thrower (Draconian Hunter)     Turns: 2270, Time: 00:34:48

Health: -6/45      AC:  7    Str: 14    XL:     5   Next: 54%
Magic:  0/5        EV: 18    Int: 12    God:
Gold:   101        SH:  0    Dex: 17    Spells: 4/4 levels left

rFire    . . .     SeeInvis .   o - +0 whip (drain)
rCold    . . .     Gourm    .   (no shield)
rNeg     . . .     Faith    .   (armour unavailable)
rPois    .         Spirit   +   (helmet restricted)
rElec    .         Reflect  .   i - +1 cloak
rCorr    .         Harm     .   (no gloves)
MR       .....                  (no boots)
Stlth    +++.......             p - amulet of guardian spirit
Regen    0.2/turn               (no ring)
MPRegen  0.1/turn               (no ring)

@: agile
A: unfitting armour, cold-blooded, AC +5
a: no special abilities


You were on level 3 of the Dungeon.
You were very hungry.

You visited 1 branch of the dungeon, and saw 3 of its levels.

You collected 101 gold pieces.

Inventory:

Hand Weapons
 a - a +2 hand crossbow
 b - a +0 short sword
 c - a +0 dagger of venom
 f - a +0 hunting sling
 j - a +0 mace
 o - a +0 whip of draining (weapon)
 r - a +0 hand axe
 s - a +0 hunting sling
Missiles
 e - 53 stones (quivered)
 g - 11 poisoned needles
 k - 41 sling bullets
 m - 6 bolts
 v - 5 tomahawks
Armour
 i - a +1 cloak (worn)
Jewellery
 p - an amulet of guardian spirit (around neck)
 q - an uncursed ring of teleportation
Potions
 l - a potion of agility
Comestibles
 d - 2 bread rations
 h - a royal jelly


   Skills:
 + Level 3.1 Fighting
 + Level 0.8 Short Blades
 + Level 1.1 Maces & Flails
 + Level 5.4 Crossbows
 + Level 0.1 Throwing
 + Level 2.0 Dodging
 + Level 1.4 Stealth


You had 4 spell levels left.
You didn't know any spells.

Dungeon Overview and Level Annotations

Branches:
Dungeon (3/15)

Altars:
Yredelemnul

Annotations:
D:3 Grinder, Sigmund


Innate Abilities, Weirdness & Mutations

Your plain brown scales are hard. (AC +5)
You cannot fit into any form of body armour.
You are cold-blooded and may be slowed by cold attacks.


Message History

It was a potion of agility.
You feel agile all of a sudden. Grinder hits you.
* * * LOW HITPOINT WARNING * * *
You writhe in agony.
* * * LOW HITPOINT WARNING * * *
You hit Grinder.
Your tail-slap misses Grinder.
Grinder is lightly wounded.
Grinder barely misses you.
You closely miss Grinder.
Grinder is lightly wounded.
Grinder hits you.
* * * LOW HITPOINT WARNING * * *
You closely miss Grinder.
Grinder is lightly wounded.
Grinder misses you.
You barely miss Grinder.
Grinder is lightly wounded.
Grinder hits you!
You die...

#. .#
#. .#
###?
.###
...♣.(.
...(.
... #5#
#@#
#..#
#..#
...#
....
######
... #..
#.. #..


You could see Grinder.

Vanquished Creatures
  An ogre (D:2)
  5 adders (D:2)
  An ooze (D:2)
  2 worms (D:2)
  3 dart slugs
  A leopard gecko (D:2)
  4 orcs (D:3)
  2 ball pythons (D:1)
  5 giant cockroaches
  8 goblins
  7 hobgoblins
  5 bats
  3 frilled lizards
  10 kobolds
  6 rats
63 creatures vanquished.

Notes
Turn   | Place    | Note
-------+----------+-------------------------------------------
     0 | D:1      | Internecine the Draconian Hunter began the quest for the Orb.
     0 | D:1      | Reached XP level 1. HP: 17/17 MP: 1/1
   243 | D:1      | Reached skill level 4 in Crossbows
   252 | D:1      | Reached XP level 2. HP: 24/24 MP: 2/2
   843 | D:2      | Reached XP level 3. HP: 15/29 MP: 3/3
  1186 | D:2      | Found a basalt altar of Yredelemnul.
  1204 | D:2      | Reached skill level 1 in Stealth
  1649 | D:2      | Reached XP level 4. HP: 37/37 MP: 4/4
  1963 | D:2      | Reached skill level 5 in Crossbows
  2106 | D:2      | Noticed an ogre
  2113 | D:2      | Killed an ogre
  2113 | D:2      | Reached skill level 1 in Maces & Flails
  2113 | D:2      | Reached XP level 5. HP: 27/44 MP: 3/5
  2230 | D:3      | Noticed Sigmund
  2249 | D:3      | Noticed Grinder
  2270 | D:3      | Mangled by Grinder

Skill      XL: |  1  2  3  4  5 |
---------------+----------------+-----
Crossbows      | 4 5 |  5.4
Stealth        | 1 |  1.4
Maces & Flails | 1 |  1.1
Dodging        | 2 |  2.0
Fighting       | 3 |  3.1
Short Blades   | |  0.8
Throwing       | |  0.1

Action                   |  1- 3 |  4- 6 || total
-------------------------+-------+-------++-------
Melee: Short sword       |    11 |       ||    11
       Tailslap          |     4 |     5 ||     9
       Whip              |    19 |    42 ||    61
       Dagger            |       |     7 ||     7
 Fire: Hand crossbow     |    81 |    17 ||    98
Throw: Stone             |    12 |    10 ||    22
  Use: Scroll            |     2 |     4 ||     6
       Potion            |       |     1 ||     1
  Eat: Chunk             |     2 |     1 ||     3
Armor: Skin              |    12 |    25 ||    37
Dodge: Dodged            |    33 |    35 ||    68
